 Dungeon Crawl Stone Soup version 0.28-a0-563-gf77a47075d (webtiles) character file.

Game seed: 2441596294306479064

3 friend the Chucker (level 1, -4/23 HPs)
             Began as an Ogre Hunter on Sept 30, 2021.
             Slain by a hobgoblin (8 damage)
             ... on level 1 of the Dungeon.
             The game lasted 00:00:16 (99 turns).

friend the Chucker (Ogre Hunter)                      Turns: 99, Time: 00:00:17

Health: -4/23      AC:  3    Str: 15    XL:     1   Next: 50%
Magic:  1/1        EV:  9    Int: 12    God:
Gold:   25         SH:  0    Dex:  9    Spells: 0/0 levels left

rFire   . . .      SeeInvis .   a - +0 short sword
rCold   . . .      Faith    .   (no shield)
rNeg    . . .      Spirit   .   b - +0 robe
rPois   .          Reflect  .   (helmet restricted)
rElec   .          Harm     .   (no cloak)
rCorr   .          Rampage  .   (gloves unavailable)
Will    .....                   (boots unavailable)
Stlth   +.........              (no amulet)
HPRegen 0.07/turn               (no ring)
MPRegen 0.07/turn               (no ring)

@: no status effects
A: large, unfitting armour, tough skin 1
a: no special abilities


You were on level 1 of the Dungeon.
You visited 1 branch of the dungeon, and saw 1 of its levels.

You collected 25 gold pieces.

Inventory:

Hand Weapons
 a - a +0 short sword (weapon)
Missiles
 c - 5 large rocks (quivered)
 d - 2 throwing nets
Armour
 b - a +0 robe (worn)


   Skills:
 + Level 3.1 Fighting
 - Level 4.0 Throwing
 - Level 1.7 Dodging
 - Level 0.6 Stealth


You couldn't memorise any spells.
You didn't know any spells.
Your spell library was empty.

Dungeon Overview and Level Annotations

Branches:
Dungeon (1/15)

Altars:


Innate Abilities, Weirdness & Mutations

You are too large for most types of armour.
You have tough skin. (AC +1)


Message History

A quokka comes into view.
The kobold barely misses you.
The quokka moves out of view.
You hit the kobold.
You kill the kobold!
Your Fighting skill increases to level 3!
Health restored: 23 No target in view!
No target in view!
Things that are here:
a +0 short sword; a kobold corpse A quokka is nearby!
You hit the quokka.
The quokka bites you but does no damage.
The quokka bites you.
You take 4 damage, and have 19/23 hp.
You hit the quokka. The quokka barely misses you.
You hit the quokka but do no damage.
The quokka bites you but does no damage.
You barely miss the quokka.
The quokka bites you but does no damage.
You hit the quokka.
You kill the quokka!
No target in view!
No target in view!
No target in view!
A hobgoblin comes into view. It is wielding a +0 spear.
The hobgoblin shouts!
The hobgoblin barely misses you.
You barely miss the hobgoblin.
The hobgoblin drinks a potion.
The hobgoblin seems to grow stronger.
You barely miss the hobgoblin. The hobgoblin hits you with a +0 spear!
You take 9 damage, and have 11/23 hp.
MASSIVE DAMAGE!!
You hit the hobgoblin. The hobgoblin hits you with a +0 spear!
* * * LOW HITPOINT WARNING * * *
You take 7 damage, and have 4/23 hp.
MASSIVE DAMAGE!!
You barely miss the hobgoblin. The hobgoblin hits you with a +0 spear!
You die...

#.# #.###
######...# #
#.)....#.#
#.#####.####.#.#
#....†..# #.#.#
#.#.....# #.#.##
#.##.##
#....##### ..
#@# #.........
#.
#g######...#####
#
#.#.............
#...####'####...
#..##.......# ..
..##.#######.#
.##.#'.#...#
.#.##.#####.##
#.#.##...##.#


You could see a hobgoblin (strong).

Vanquished Creatures
  An endoplasm (D:1)
  A quokka (D:1)
  A kobold (D:1)
3 creatures vanquished.

Notes
Turn   | Place    | Note
-------+----------+-------------------------------------------
     0 | D:1      | friend the Ogre Hunter began the quest for the Orb.
     0 | D:1      | Reached XP level 1. HP: 22/22 MP: 1/1
    99 | D:1      | Slain by a hobgoblin

Illustrated notes

Levels and vault maps discovered:
D:1:      evilmike_arrival_rings, layout_loops_ring,
          shapermc_ecumenical_altar_mp_vishouse, minmay_misc_feat_alley

Skill      XL: |  1 |
---------------+----+-----
Fighting       | 3 |  3.1
Throwing       | |  4.0
Dodging        | |  1.7
Stealth        | |  0.6

Action                   || total
-------------------------++-------
Melee: Short sword       ||    13
Armor: Robe              ||     4
Dodge: Dodged            ||     6

Table legend: (Time is in decaauts)
 A = Elapsed time spent in this place.
 B = Non-inter-level travel time spent in this place.
 C = Inter-level travel time spent in this place.
 D = Time resting spent in this place.
 E = Time spent auto-exploring this place.
 F = Levels seen in this place.
 G = Mean time per level.
                   A        B        C        D        E       F      G
               +--------+--------+--------+--------+--------+-----+--------+
         Total |    100 |    100 |      0 |      0 |     72 |   1 |  100.0 |
       Dungeon |    100 |    100 |      0 |      0 |     72 |   1 |  100.0 |
               +--------+--------+--------+--------+--------+-----+--------+

Top non-repeatable levels by time:
     D:1: 100 daAuts
